Map: World of Sleepers LE

Players

MaSa - Winner!

  • Race: Terran Terran
  • Spawn Location: 1:00

Scarlett

  • Race: Zerg Zerg
  • Spawn Location: 7:00

VOD

Have the link to the VOD?

Description

Time

  • Played on: Sept. 7, 2019, 12:48 p.m.
  • Length: 13:00
Show
View Real Time Build Order
Export as new Build Order

MaSa Terran - Winner!

Build Orders:  

Get SALT Encoding   

  12  0:00  SCV  
  13  0:12  SCV  
  14  0:17  Supply Depot  
  14  0:24  SCV  
  15  0:38  SCV  
  15  0:40  Barracks  
  16  0:51  SCV  
  17  1:03  SCV  
  18  1:13  Command Center  
  18  1:16  SCV  
  19  1:26  Marine  
  19  1:28  Orbital Command  
  20  1:38  Supply Depot  
  20  1:44  Marine  
  21  1:54  SCV  
  22  2:02  Marine  
  22  2:06  SCV  
  24  2:12  Command Center  
  24  2:20  Barracks  
  24  2:21  Marine  
  25  2:29  Orbital Command  
  25  2:32  SCV  
  26  2:40  Refinery  
  26  2:41  Refinery  
  26  2:44  Marine, SCV  
  28  2:54  Bunker  
  28  2:56  SCV x2  
  30  3:03  Barracks  
  30  3:05  Marine  
  31  3:08  SCV  
  31  3:12  SCV  
  33  3:13  Barracks Tech Lab  
  33  3:20  SCV  
  33  3:23  Marine  
  35  3:29  Factory  
  35  3:31  SCV  
  35  3:32  Orbital Command  
  36  3:35  Marine  
  36  3:38  SCV  
  36  3:41  Marine  
  39  3:45  Refinery  
  39  3:46  Stimpack  
  39  3:47  SCV  
  39  3:51  Marine  
  39  3:52  Marine, SCV  
  42  3:57  SCV  
  42  3:59  Marine, SCV  
  45  4:04  SCV  
  45  4:09  SCV  
  47  4:11  SCV  
  47  4:13  Starport  
  47  4:14  Factory Reactor  
  47  4:16  SCV  
  49  4:18  Supply Depot  
  49  4:19  Marine  
  49  4:21  Barracks Reactor  
  49  4:22  SCV  
  49  4:24  SCV  
  52  4:32  SCV, Barracks Reactor  
  52  4:37  Marine, Engineering Bay x2  
  52  4:38  SCV  
  55  4:39  SCV  
  55  4:44  SCV  
  57  4:50  Barracks  
  57  4:52  Barracks  
  57  4:54  SCV  
  57  4:57  SCV  
  57  4:58  Marine  
  60  5:00  SCV  
  60  5:03  Terran Infantry Weapons Level 1  
  60  5:04  Terran Infantry Armor Level 1  
  61  5:11  Marine x4, Refinery  
  65  5:17  Supply Depot  
  65  5:19  Medivac  
  65  5:20  Medivac  
  69  5:22  Marine  
  69  5:24  SCV  
  69  5:25  SCV  
  73  5:29  Marine x2, Supply Depot  
  73  5:31  Factory Reactor  
  74  5:36  Marine, SCV  
  74  5:37  Supply Depot  
  74  5:39  SCV, Orbital Command  
  74  5:40  Barracks Reactor  
  78  5:43  Combat Shield  
  78  5:48  SCV, Supply Depot  
  78  5:49  Barracks Reactor  
  78  5:50  Marine  
  78  5:51  SCV  
  78  5:55  Supply Depot  
  80  5:57  Medivac  
  80  6:00  SCV  
  80  6:01  Marine x2  
  80  6:02  Marine  
  80  6:03  SCV  
  87  6:04  SCV  
  87  6:10  Supply Depot  
  87  6:11  Marine, Armory  
  89  6:12  SCV  
  89  6:15  Marine, SCV  
  92  6:19  Marine, Medivac  
  92  6:21  Marine x3  
  92  6:25  Factory  
  98  6:28  Marine x2  
  98  6:30  SCV x2  
  98  6:31  Marine  
  98  6:32  Marine  
  104  6:33  Marine  
  104  6:34  SCV  
  104  6:37  Marine  
  104  6:39  Marine x2  
  109  6:40  Marine  
  109  6:42  Supply Depot  
  109  6:44  Medivac  
  109  6:45  Marine  
  109  6:46  Widow Mine  
  115  6:47  Marine  
  115  6:49  Marine  
  115  6:50  Marine  
  115  6:51  Marine  
  119  6:55  Marine  
  119  6:57  Marine x2  
  119  6:58  Marine  
  119  6:59  Widow Mine  
  122  7:03  Marine, SCV x2  
  122  7:04  SCV  
  122  7:05  Marine  
  122  7:06  Marine  
  122  7:08  Marine, Supply Depot  
  129  7:09  Supply Depot, Terran Infantry Weapons Level 2  
  129  7:13  Terran Infantry Armor Level 2  
  131  7:15  Widow Mine  
  131  7:16  Factory Tech Lab  
  131  7:17  Marine  
  131  7:20  Marine  
  133  7:29  Marine x3, SCV, Marauder, Missile Turret  
  139  7:34  Marine x3  
  140  7:37  Marine x2  
  140  7:38  Widow Mine  
  140  7:39  Drilling Claws  
  140  7:43  SCV  
  145  7:47  Marine x3  
  145  7:50  Widow Mine  
  145  7:51  Marauder  
  149  7:57  Supply Depot  
  149  7:58  Supply Depot x2  
  149  8:00  Terran Vehicle And Ship Armor Level 1  
  149  8:01  Liberator x2  
  149  8:14  Marine  
  149  8:16  Marine  
  149  8:19  Marine x5, SCV, Marauder  
  163  8:22  Command Center  
  163  8:24  Refinery  
  163  8:30  Widow Mine x2  
  167  8:34  Marine x2  
  167  8:40  Marine x2, Marauder  
  173  8:46  Barracks  
  173  8:47  Barracks  
  173  8:48  Marine  
  173  8:50  Barracks  
  173  8:53  Marine  
  173  8:54  Marine, Concussive Shells  
  171  8:58  Marine  
  171  9:01  Marauder  
  161  9:04  Marine x2  
  161  9:06  Marine  
  161  9:07  Marine x2  
  163  9:10  Medivac x2  
  163  9:11  Marine  
  163  9:12  Marine  
  163  9:16  Marine  
  150  9:21  Marine, Widow Mine x2  
  150  9:22  Marine  
  150  9:23  Marauder  
  140  9:24  Marine x2  
  140  9:25  Marine  
  140  9:27  Terran Infantry Weapons Level 3  
  140  9:30  Marine  
  137  9:36  Marine x2  
  139  9:40  Medivac x2  
  139  9:44  Marauder  
  145  9:50  Starport, Barracks Tech Lab  
  145  9:51  Starport, Barracks Tech Lab  
  143  10:01  Barracks Tech Lab  
  143  10:04  SCV x3  
  143  10:05  Marine x2, Marauder, Refinery  
  143  10:06  Marine x2  
  152  10:08  Unknown  
  152  10:10  Marine x2, Marauder  
  156  10:17  Command Center  
  156  10:20  Marine  
  156  10:21  Marine x2, Marauder  
  159  10:22  SCV  
  159  10:23  Marine  
  159  10:27  Marauder  
  156  10:34  Marine x5, Marauder, Widow Mine x2  
  156  10:38  Marine x2  
  156  10:40  Marauder  
  156  10:41  Marine  
  156  10:42  Marine, Medivac x2  
  162  10:47  Orbital Command  
  162  10:48  Marauder  
  164  10:51  Marine  
  164  10:56  Marine x2  
  164  10:57  Marauder, Widow Mine  
  164  10:58  Widow Mine  
  164  11:02  SCV x3  
  166  11:04  Starport Reactor, Starport Tech Lab  
  166  11:07  Marauder  
  166  11:09  Marine  
  166  11:12  Medivac  
  166  11:17  Marine x2, Marauder  
  172  11:19  Marine x2  
  172  11:20  Marauder  
  172  11:24  Marine, Marauder  
  179  11:27  Marine, Widow Mine  
  179  11:29  Marauder  
  179  11:30  Marine  
  178  11:33  Marine  
  178  11:39  Marine x2, Marauder  
  179  11:41  Marauder  
  179  11:42  Marine  
  179  11:46  Marauder  
  182  11:48  Marine  
  182  11:49  Marine  
  182  11:50  Marauder  
  182  11:52  Fusion Core  
  179  12:00  Marauder  
  180  12:02  Marauder  
  180  12:04  Widow Mine x2  
  180  12:05  Widow Mine  
  180  12:06  Marine  
  180  12:07  Marauder  
  189  12:09  Marine x3  
  189  12:11  Marauder  
  189  12:12  Marine x2  
  189  12:13  Marine  
  195  12:21  Marauder  
  195  12:22  Marine  
  194  12:24  Marine, Marauder  
  194  12:26  Widow Mine  
  199  12:30  Marine  
  199  12:33  Marauder  
  199  12:34  Marine x2, Marauder  
  180  12:37  Marine x2  
  180  12:38  Marine  
  180  12:40  Marine  
Show
View Real Time Build Order
Export as new Build Order

Scarlett Zerg 

Build Orders: Hatch First 

Get SALT Encoding   

  12  0:00  Drone  
  13  0:12  Overlord  
  13  0:17  Drone  
  14  0:30  Drone x2  
  16  0:46  Hatchery  
  15  0:51  Drone  
  15  0:53  Drone  
  15  0:56  Drone  
  18  1:08  Extractor  
  17  1:12  Spawning Pool  
  17  1:15  Drone  
  17  1:19  Drone  
  18  1:28  Drone  
  19  1:38  Drone  
  20  1:49  Overlord  
  20  1:58  Queen  
  20  1:59  Queen, Zergling x2  
  20  2:00  Zergling x2  
  26  2:09  Metabolic Boost  
  26  2:11  Drone x2  
  28  2:21  Drone  
  29  2:23  Drone  
  30  2:30  Overlord  
  30  2:44  Hatchery  
  29  2:49  Overlord, Drone x2  
  31  2:56  Pneumatized Carapace  
  31  2:57  Drone x2  
  33  3:04  Queen  
  35  3:06  Drone  
  35  3:09  Drone  
  35  3:10  Drone  
  38  3:15  Drone x2  
  38  3:19  Overlord  
  40  3:23  Drone  
  40  3:26  Drone  
  42  3:31  Drone  
  43  3:35  Drone  
  43  3:40  Queen  
  46  3:47  Drone x4  
  46  3:48  Queen  
  50  3:50  Overlord  
  52  3:56  Queen  
  54  4:09  Spine Crawler  
  53  4:10  Roach Warren, Zergling x10  
  56  4:31  Lair  
  56  4:32  Drone x9  
  56  4:38  Roach Warren  
  66  4:40  Queen, Extractor  
  66  4:41  Extractor  
  66  4:43  Overlord  
  65  4:46  Overlord  
  65  4:47  Overlord  
  65  4:59  Drone x2  
  66  5:02  Overlord, Evolution Chamber  
  66  5:03  Extractor  
  66  5:04  Drone, Evolution Chamber  
  66  5:05  Drone x4  
  70  5:08  Drone x2  
  70  5:11  Drone x2  
  70  5:13  Drone  
  75  5:20  Drone x4  
  77  5:24  Drone  
  78  5:31  Drone x5  
  78  5:35  Zerg Missile Weapons Level 1  
  83  5:36  Zerg Ground Armor Level 1  
  83  5:40  Drone x4  
  83  5:41  Hatchery  
  86  5:44  Drone x2  
  86  5:45  Drone, Extractor x2  
  86  5:48  Roach  
  86  5:49  Glial Reconstitution  
  89  5:53  Roach x2  
  93  5:57  Roach  
  93  5:58  Roach  
  93  6:00  Overlord  
  93  6:04  Drone  
  98  6:05  Overlord  
  98  6:06  Overlord x2  
  98  6:11  Infestation Pit  
  97  6:16  Overlord  
  97  6:17  Overlord x2  
  97  6:19  Roach  
  97  6:20  Roach x2  
  103  6:33  Roach x7  
  117  6:40  Baneling Nest, Drone x4  
  120  6:51  Drone  
  120  6:53  Spore Crawler  
  114  7:06  Drone x12  
  126  7:09  Unknown  
  126  7:10  Hive  
  126  7:11  Zergling x4, Roach  
  126  7:12  Ravager x2  
  126  7:13  Ravager x3  
  135  7:15  Ravager  
  135  7:16  Ravager  
  135  7:18  Zergling x2  
  135  7:19  Zergling x10  
  142  7:24  Centrifical Hooks  
  142  7:36  Zergling x2  
  148  7:37  Zergling x14  
  148  7:42  Zerg Melee Weapons Level 1, Zerg Ground Armor Level 2  
  143  7:58  Hatchery  
  142  7:59  Spore Crawler  
  141  8:12  Zergling x22  
  152  8:14  Hatchery  
  146  8:24  Unknown  
  145  8:27  Viper x2  
  145  8:28  Viper, Ultralisk Cavern  
  145  8:29  Overlord  
  145  8:30  Overlord x4  
  145  8:32  Baneling x4  
  151  8:45  Adrenal Glands  
  151  8:48  Ravager x3  
  148  8:56  Zergling x12  
  148  8:57  Zergling x22  
  156  9:03  Zergling x2  
  148  9:12  Zergling x6  
  148  9:16  Chitinous Plating  
  114  9:29  Drone x7  
  118  9:31  Hatchery  
  118  9:33  Queen x4  
  118  9:36  Ultralisk x2  
  137  9:38  Zerg Melee Weapons Level 2  
  137  9:45  Ultralisk  
  135  9:46  Drone  
  135  9:47  Drone  
  135  9:48  Drone x2  
  135  9:51  Drone  
  140  9:53  Spire  
  140  9:54  Zergling x6  
  140  9:56  Zergling x2  
  140  9:57  Ravager  
  144  10:13  Zergling x2, Baneling x11  
  144  10:14  Zergling x16  
  142  10:29  Spore Crawler  
  127  10:41  Ultralisk  
  132  10:54  Ultralisk x2  
  142  11:01  Queen  
  142  11:02  Drone x10  
  150  11:07  Corruptor  
  150  11:08  Anabolic Synthesis  
  151  11:13  Baneling x5  
  151  11:17  Hatchery  
  134  11:40  Drone x2  
  134  11:42  Baneling Nest  
  134  11:43  Drone x12  
  133  11:50  Spine Crawler  
  133  11:52  Viper  
  135  11:56  Ultralisk x2  
  146  12:03  Queen x2  
  144  12:08  Overseer  
  144  12:13  Overlord  
  144  12:22  Corruptor x2  
  139  12:24  Zergling x6  
  139  12:26  Zergling x2, Baneling  
  139  12:27  Zergling x2  
  120  12:46  Overseer  
Tags
 
Add a new tag
Caveats
  • Supply blocks, unpowered buildings, or Contaminate may cause inaccurate times.
  • Supply counts are checked every 10 seconds.